 Dungeon Crawl Stone Soup version 0.28-a0-199-g298df9dbad (webtiles) character file.

Game seed: 11032404771186461835

10546 robertstho the Carver (level 11, -26/101 HPs)
             Began as a Pale Draconian Berserker on Aug 19, 2021.
             Was a High Priest of Trog.
             Annihilated by a boulder beetle (53 damage)
             ... on level 11 of the Dungeon.
             The game lasted 00:12:56 (12384 turns).

robertstho the Carver (Pale Draconian Berserker)   Turns: 12384, Time: 00:12:57

Health: -26/101    AC: 11    Str: 26    XL:     11   Next: 37%
Magic:  0/11       EV: 14    Int:  7    God:    Trog [*****.]
Gold:   498        SH:  0    Dex: 10    Spells: 10/10 levels left

rFire   . . .      SeeInvis .   s - +0 great sword
rCold   . . .      Faith    .   (shield currently unavailable)
rNeg    . . .      Spirit   +   (armour unavailable)
rPois   +          Reflect  .   (helmet restricted)
rElec   .          Harm     .   r - +2 cloak
rCorr   .          Rampage  .   H - +0 pair of gloves
Will    .....                   (no boots)
Stlth   ++........              h - amulet of guardian spirit
HPRegen 0.26/turn               J - ring of poison resistance
MPRegen 0.12/turn               A - ring of Gyby {Wiz +Blink Str+2}

@: on berserk cooldown, hasted, very quick
A: breathe steam, AC +7, unfitting armour, cold-blooded, steam resistance
a: Breathe Steam, Renounce Religion, Evoke Blink, Berserk, Trog's Hand, Brothers
in Arms


You were on level 11 of the Dungeon.
You worshipped Trog.
Trog was extremely pleased with you.
You visited 1 branch of the dungeon, and saw 11 of its levels.
You also visited: Sewer.

You collected 778 gold pieces.
You spent 280 gold pieces at shops.

Inventory:

Hand Weapons
 a - a +0 falchion
 s - a +0 great sword (weapon)
Armour
 r - a +2 cloak (worn)
 H - a +0 pair of gloves (worn)
Jewellery
 h - an amulet of guardian spirit (around neck)
 p - a +6 ring of intelligence
 y - a ring of see invisible
 A - the ring of Gyby (right hand) {Wiz +Blink Str+2}
   (You found it on level 8 of the Dungeon)

   [ring of wizardry]

   It improves your spell success rate.
   Str:       It affects your strength (+2).
   +Blink:    It lets you blink.
 G - a ring of flight
 J - a ring of poison resistance (left hand)
 L - a ring of protection from fire
Wands
 B - a wand of flame (10)
 D - a wand of mindburst (15)
 F - a wand of iceblast (6)
 I - a wand of polymorph (6)
Scrolls
 b - 2 scrolls of magic mapping
 c - a scroll of holy word {unknown}
 f - 3 scrolls of enchant weapon {unknown}
 g - a scroll of amnesia {unknown}
 j - 3 scrolls of noise
 k - 3 scrolls of enchant armour {unknown}
 l - 2 scrolls of fog
 o - a scroll of brand weapon
 C - 4 scrolls of teleportation {unknown}
 E - a scroll of silence
 K - a scroll of identify
Potions
 d - a potion of haste
 e - 2 potions of curing {unknown}
 i - a potion of lignification {unknown}
 m - 2 potions of flight
 q - 2 potions of might
 t - a potion of attraction {unknown}
 u - a potion of degeneration {unknown}
 v - 3 potions of ambrosia {unknown}
 w - a potion of berserk rage {unknown}
 x - a potion of brilliance {unknown}
 z - 3 potions of mutation


   Skills:
 * Level 10.8 Fighting
 + Level 12.0 Long Blades
 * Level 9.0 Dodging
 + Level 3.0 Stealth


You had 10 spell levels left.
You didn't know any spells.
Your spell library was empty.

Dungeon Overview and Level Annotations

Branches:
Dungeon (11/15)            Temple (0/1) D:5            Lair (0/6) D:11
  Sewer (visited)
    Orc: D:9-12

Altars:
Ashenzari
Dithmenos
Makhleb
Okawaru
Qazlal
Sif Muna

Shops:
D:10 *


Innate Abilities, Weirdness & Mutations

You can breathe blasts of scalding, opaque steam.
Your pale cyan-grey scales are hard. (AC +7)
You cannot fit into any form of body armour.
You are cold-blooded and may be slowed by cold attacks.
You are immune to the effects of steam.


Message History

Press: ? - help, Dir - move target, f - centaur warrior
Aim: a centaur warrior, wielding a +0 shortbow and quivering arrows (lightly wounded, ally target) Attack!
The centaur warrior shoots an arrow.
The arrow hits you!!
The centaur warrior shoots an arrow.
The arrow hits you!
* * * LOW HITPOINT WARNING * * *
Unknown command.
A troll comes into view.
You feel much better.
The centaur warrior shoots an arrow.
The arrow hits you.
A boulder beetle comes into view.
Unknown command.
Aiming: Mindburst
Press: ? - help, Shift-Dir - straight line, f/p - centaur warrior
Aim: a centaur warrior, wielding a +0 shortbow and quivering arrows (lightly wounded, ally target, chance to affect: 48%)
The centaur warrior resists with some effort.
An orc knight comes into view. It is wielding a +0 glaive.
Unknown command.
Aiming: Mindburst
Press: ? - help, Shift-Dir - straight line, f/p - centaur warrior
Aim: a centaur warrior, wielding a +0 shortbow and quivering arrows (lightly wounded, ally target, chance to affect: 48%)
The centaur warrior resists with some effort.
The centaur warrior shoots an arrow.
The arrow barely misses you.
The centaur warrior shoots an arrow.
The arrow hits you!!
* * * LOW HITPOINT WARNING * * *
Your troll completely misses the centaur warrior.
Your troll claws the centaur warrior.
Your troll claws the centaur warrior!
Okay, then.
You feel much better.
The centaur warrior shoots an arrow.
The arrow hits you!
* * * LOW HITPOINT WARNING * * *
Your troll bites the centaur warrior!
Your troll misses the centaur warrior.
Your troll claws the centaur warrior.
Unknown command.
You feel yourself speed up.
The centaur warrior unwields a +0 shortbow.
The centaur warrior hits your troll!
The centaur warrior closely misses your troll.
Your troll bites the centaur warrior!
Your troll claws the centaur warrior but does no damage.
Your troll claws the centaur warrior.
The boulder beetle hits you!!!
Ouch! That really hurt!
You die...

#.#..................
.##.................
#.#.................
.##................
#.#................
#.##...............
##(###..#...............
.....T.)##..............
##.###8@8#.........###..
....°°B†.##....#...# ..
##.##8c.)8#........# .
...!T.≈..##.......# #
#.#8..8..8#.......#.
......≈.≈..##..........
#..8.......8#..........
.....8.8.8..#.#......##
############..##...###


You could see a boulder beetle (rolling), a centaur warrior (ally target), a
troll and a friendly troll (summoned, berserk).

Vanquished Creatures
  2 two-headed ogres (D:10)
  A death knight (D:11)
  A cyclops (D:11)
  2 centaur zombies (D:10)
  Grinder (D:6)
  2 vampires
  A shadow (D:11)
  2 wyverns
  A wraith (D:11)
  5 vampire mosquitoes (D:11)
  2 steam dragons
  4 water moccasins
  Duvessa (D:7)
  2 hornet zombies
  3 orc warriors
  An ice beast (D:6)
  A black bear (D:5)
  2 necrophages
  3 ogres
  4 centaurs
  4 kobold brigands
  2 bullfrogs
  2 gnoll sergeants
  4 scorpions
  2 water moccasin zombies (D:5)
  Dowan (D:7)
  3 wights (D:8)
  An electric eel (D:8)
  4 howler monkeys
  A jelly (D:6)
  2 orc priests
  4 hounds
  4 iguanas
  2 bullfrog skeletons
  A centaur skeleton (D:5)
  11 orc wizards
  2 howler monkey zombies (D:10)
  6 adders
  11 gnolls
  3 river rats (Sewer)
  A shadow imp (D:6)
  5 worms
  2 dart slugs
  31 orcs
  5 ball pythons
  6 endoplasms
  2 giant cockroaches (D:3)
  8 goblins
  6 hobgoblins
  6 jackals
  9 quokkas
  9 bats
  6 frilled lizards
  25 kobolds
  6 rats
238 creatures vanquished.

Vanquished Creatures (collateral kills)
  An ogre mage (D:11)
  A centaur warrior (D:11)
  A centaur zombie (D:11)
  A manticore (D:11)
  A komodo dragon (D:11)
  A troll (D:11)
  A meliai zombie (D:11)
7 creatures vanquished.

Vanquished Creatures (others)
  A fungus (D:8)
1 creature vanquished.

Grand Total: 246 creatures vanquished

Notes
Turn   | Place    | Note
-------+----------+-------------------------------------------
     0 | D:1      | robertstho the Draconian Berserker began the quest for the
                  | Orb.
     0 | D:1      | Reached XP level 1. HP: 19/19 MP: 1/1
   397 | D:1      | Reached XP level 2. HP: 26/26 MP: 2/2
   829 | D:1      | Reached ** piety under Trog
  1376 | D:1      | Reached XP level 3. HP: 31/33 MP: 3/3
  1937 | D:2      | Found a faded altar of an unknown god.
  2137 | D:2      | Reached XP level 4. HP: 40/40 MP: 4/4
  2852 | D:3      | Reached XP level 5. HP: 38/47 MP: 3/5
  2951 | D:3      | Reached *** piety under Trog
  2964 | D:3      | Found a glowing drain.
  2984 | Sewer    | Entered a sewer
  2994 | Sewer    | Reached skill level 4 in Long Blades
  3149 | Sewer    | Reached skill level 1 in Stealth
  3156 | Sewer    | Reached XP level 6. HP: 55/55 MP: 6/6
  3269 | Sewer    | Found a white marble altar of Elyvilon.
  3763 | D:3      | Found a burning altar of Makhleb.
  3991 | D:4      | Noticed a water moccasin
  4004 | D:4      | Killed a water moccasin
  4005 | D:4      | Reached skill level 5 in Fighting
  4122 | D:4      | Reached skill level 5 in Long Blades
  4122 | D:4      | Your scales start taking on a pale cyan-grey colour.
  4122 | D:4      | Reached XP level 7. HP: 57/61 MP: 7/7
  4122 | D:4      | Gained mutation: You are immune to the effects of steam.
                  | [Pale Draconian growth]
  4771 | D:4      | Reached skill level 5 in Dodging
  4773 | D:4      | Reached **** piety under Trog
  4990 | D:4      | Noticed a steam dragon
  5009 | D:4      | Killed a steam dragon
  5010 | D:4      | Reached skill level 6 in Long Blades
  5010 | D:4      | Reached XP level 8. HP: 44/70 MP: 4/8
  5653 | D:5      | Entered Level 5 of the Dungeon
  5762 | D:5      | Found an iron altar of Okawaru.
  6004 | D:5      | Found a staircase to the Ecumenical Temple.
  6134 | D:5      | Found a shadowy altar of Dithmenos.
  6299 | D:6      | You fall into a shaft and drop 2 floors!
  6316 | D:8      | Reached skill level 7 in Long Blades
  6483 | D:8      | Identified the ring of Gyby {Wiz +Blink Str+2}
  6602 | D:8      | Reached XP level 9. HP: 77/79 MP: 9/9
  6705 | D:8      | Reached skill level 8 in Long Blades
  7089 | D:7      | Noticed Dowan
  7092 | D:7      | Noticed Duvessa
  7102 | D:7      | Killed Duvessa
  7107 | D:7      | Killed Dowan
  7426 | D:7      | Found a stormy altar of Qazlal.
  7568 | D:7      | Reached skill level 9 in Long Blades
  8315 | D:6      | Reached ***** piety under Trog
  8533 | D:6      | Noticed Grinder
  8540 | D:6      | Killed Grinder
  9484 | D:9      | Reached XP level 10. HP: 89/90 MP: 10/10
  9566 | D:9      | Found a broken altar of Ashenzari.
  9664 | D:9      | Reached skill level 10 in Long Blades
 10184 | D:10     | Entered Level 10 of the Dungeon
 10351 | D:10     | Found Giguonak's Serpentskin Sales.
 10365 | D:10     | Bought a ring of poison resistance for 280 gold pieces
 10861 | D:10     | Noticed a two-headed ogre
 10865 | D:10     | Killed a two-headed ogre
 11204 | D:10     | Noticed a two-headed ogre
 11211 | D:10     | Killed a two-headed ogre
 11212 | D:10     | Reached skill level 11 in Long Blades
 11657 | D:10     | Found a shimmering blue altar of Sif Muna.
 11715 | D:10     | Reached skill level 10 in Fighting
 11891 | D:11     | Noticed a cyclops
 11905 | D:11     | Killed a cyclops
 12184 | D:11     | Found a staircase to the Lair.
 12194 | D:11     | Reached XP level 11. HP: 100/100 MP: 7/11
 12332 | D:11     | Noticed a death knight
 12343 | D:11     | Noticed an ogre mage
 12346 | D:11     | Killed a death knight
 12355 | D:11     | Killed an ogre mage
 12363 | D:11     | Noticed a centaur warrior
 12367 | D:11     | Killed a centaur warrior
 12371 | D:11     | Reached skill level 12 in Long Blades
 12374 | D:11     | Noticed a centaur warrior
 12380 | D:11     | Noticed a boulder beetle
 12381 | D:11     | Noticed an orc knight
 12384 | D:11     | Annihilated by a boulder beetle

Illustrated notes

Levels and vault maps discovered:
D:1:      elethiomel_arrival_quiet, layout_loops_corners, st_stairs_12
D:2:      layout_basic, chequers_ecumenical_altar_twisty,
          minmay_fractal_squares_5
D:3:      layout_loops_cross, marbit_many_paths, gup_sewer_entry_pipe,
          minmay_stone_trees_large
D:4:      layout_basic
D:5:      layout_rooms, nicolae_dithmenos_the_darkroom,
          kennysheep_okawaru_gauntlet, minmay_temple_entry_poolview,
          chequers_decorated_corner, dk_vineyard_3
D:6:      layout_gridville, chequers_serial_rivers_micro_a, uniq_grinder
D:7:      layout_gridville, mainiacjoe_overflow_24_doors, uniq_duvessa
D:8:      layout_rooms, fungi_pond_lemuel
D:9:      layout_irregular_city, mainiacjoe_overflow_surrounded_room,
          chequers_serial_rivers_micro_d
D:10:     layout_gridville, lemuel_blue_sif_altar, guppyfry_shop_venom
D:11:     minmay_the_grid_triangle_9x9_recursive_3_mashed
          [minmay_the_grid_triangle_9x9_zippers_vertical,
          minmay_the_grid_triangle_9x9_thin_v,
          minmay_the_grid_triangle_9x9_negative_grid,
          minmay_the_grid_triangle_9x9_prize_top_heavy,
          minmay_the_grid_triangle_9x9_flanged_cone,
          minmay_the_grid_triangle_9x9_zippers_horizontal,
          minmay_the_grid_triangle_9x9_skeleton,
          minmay_the_grid_triangle_9x9_shrine,
          minmay_the_grid_triangle_9x9_sprig], layout_cross, lair_entry_dummy,
          nrook_mini_vaults, grunt_ogre_cave

Skill      XL: |  1  2  3  4  5  6  7  8  9 10 11 |
---------------+----------------------------------+-----
Dodging        | 3 4 5 6 7 8 9 |  9.0
Fighting       | 4 5 6 7 8 10 | 10.8
Long Blades    | 4 5 6 7 9 11 12 | 12.0
Stealth        | 1 2 3 |  3.0

Action                   |  1- 3 |  4- 6 |  7- 9 | 10-12 || total
-------------------------+-------+-------+-------+-------++-------
Melee: Falchion          |   106 |   181 |   107 |       ||   394
       Tailslap          |    12 |    27 |    47 |    14 ||   100
       Great sword       |       |       |   229 |   114 ||   343
Invok: Berserk           |     4 |     3 |     9 |     7 ||    23
       Trog's Hand       |     1 |     1 |     1 |     1 ||     4
       Brothers in Arms  |       |       |       |     2 ||     2
 Abil: Breathe Steam     |       |       |     1 |       ||     1
Evoke: Wand              |       |       |       |     3 ||     3
  Use: Scroll            |       |       |     7 |     3 ||    10
       Potion            |       |       |     1 |     4 ||     5
 Stab: Distracted        |       |     1 |       |       ||     1
       Sleeping          |       |     2 |     1 |       ||     3
Armor: Skin              |    30 |    58 |   142 |    70 ||   300
Dodge: Dodged            |    69 |   144 |   245 |   105 ||   563
       Rpst.: Falchion   |    19 |    45 |    10 |       ||    74
       Great sword       |       |       |    55 |    27 ||    82

Table legend: (Time is in decaauts)
 A = Elapsed time spent in this place.
 B = Non-inter-level travel time spent in this place.
 C = Inter-level travel time spent in this place.
 D = Time resting spent in this place.
 E = Time spent auto-exploring this place.
 F = Levels seen in this place.
 G = Mean time per level.
                   A        B        C        D        E       F      G
               +--------+--------+--------+--------+--------+-----+--------+
         Total |  12738 |  11891 |    847 |    772 |   9396 |  12 | 1061.5 |
       Dungeon |  12359 |  11512 |    847 |    648 |   9222 |  11 | 1123.5 |
         Sewer |    378 |    378 |      0 |    124 |    174 |   1 |  378.0 |
               +--------+--------+--------+--------+--------+-----+--------+

Top non-repeatable levels by time:
     D:4: 1711 daAuts
    D:10: 1620 daAuts
     D:1: 1554 daAuts
     D:6: 1392 daAuts
     D:2: 1301 daAuts
     D:3: 1041 daAuts
     D:9: 946 daAuts
     D:7: 930 daAuts
     D:8: 815 daAuts
     D:5: 587 daAuts
    D:11: 457 daAuts
   Sewer: 378 daAuts
